 Dungeon Crawl Stone Soup version 0.28-a0-500-g121bc3e445 (webtiles) character file.

Game seed: 17495099272696722987

3948 frimble the Covert (level 10, 0/72 HPs)
             Began as an Octopode Venom Mage on Sept 20, 2021.
             Slain by Grum (21 damage)
             ... on level 8 of the Dungeon.
             The game lasted 00:13:46 (10049 turns).

frimble the Covert (Octopode Venom Mage)           Turns: 10049, Time: 00:13:47

Health: 0/72       AC:  2    Str:  7    XL:     10   Next: 21%
Magic:  6/16       EV: 13    Int: 21    God:
Gold:   403        SH:  0    Dex: 13    Spells: 12/17 levels left

rFire   . . .      SeeInvis .   a - +2 dagger (venom)
rCold   . . .      Faith    .   (no shield)
rNeg    . . .      Spirit   .   c - +1 hat {Will+}
rPois   .          Reflect  .   (no amulet)
rElec   .          Harm     .   i - ring of willpower
rCorr   .          Rampage  .   (no ring)
Will    ++...                   (no ring)
Stlth   +++++.....              (no ring)
HPRegen 0.22/turn               (no ring)
MPRegen 0.15/turn               (no ring)
                                (no ring)
                                (no ring)

@: no status effects
A: almost no armour, amphibious, 8 rings, camouflage 1, gelatinous body 1,
(nimble swimmer 1), tentacles
a: no special abilities


You were on level 8 of the Dungeon.
You visited 1 branch of the dungeon, and saw 8 of its levels.

You collected 487 gold pieces.
You spent 84 gold pieces at shops.

Inventory:

Hand Weapons
 a - a +2 dagger of venom (weapon)
 u - a +4 scimitar
Armour
 c - a +1 hat of willpower (worn)
 t - a +0 kite shield
Jewellery
 i - a ring of willpower (left tentacle)
Wands
 d - a wand of iceblast (17)
 m - a wand of acid (6)
 o - a wand of paralysis (4)
 q - a wand of flame (22)
Scrolls
 b - 2 scrolls of fog
 h - a scroll of teleportation
 k - a scroll of amnesia
 n - 2 scrolls of enchant weapon
Potions
 e - a potion of flight
 f - 2 potions of brilliance
 g - a potion of mutation
 j - 3 potions of curing
 p - a potion of cancellation
 r - a potion of lignification {unknown}
 s - a potion of ambrosia {unknown}


   Skills:
 - Level 8.0 Fighting
 + Level 7.8(7.9) Short Blades
 + Level 1.1(5.0) Long Blades
 - Level 2.0 Dodging
 - Level 10.4 Stealth
 + Level 2.3 Shields
 - Level 4.0 Spellcasting
 - Level 1.1 Transmutations
 - Level 9.0 Poison Magic
 + Level 3.9 Evocations


You had 12 spell levels left.
You knew the following spells:

 Your Spells              Type           Power      Damage    Failure   Level
a - Sting                 Tmut/Pois      100%       1d8       1%          1
b - Olgreb's Toxic Radia  Pois           42%        N/A       3%          4

Your spell library contained the following spells:

 Spells                   Type           Power      Damage    Failure   Level
 Poisonous Vapours        Pois/Air       46%        N/A       2%          2
 Mephitic Cloud           Conj/Pois/Air  16%        N/A       11%         3
 Magic Dart               Conj           16%        1d3       12%         1
 Corpse Rot               Necr/Air       N/A        N/A       19%         2
 Searing Ray              Conj           8%         2d4       19%         2
 Fulminant Prism          Conj/Hex       2%         3d6       75%         4


Dungeon Overview and Level Annotations

Branches:
Dungeon (8/15)             Temple (0/1) D:6
   Lair: D:8-11

Altars:
Elyvilon
Ru

Shops:
D:1 *

Annotations:
D:2 1 runed translucent door, Crazy Yiuf
D:8 Erica, Grum, Psyche


Innate Abilities, Weirdness & Mutations

You cannot wear most types of armour.
You are amphibious.
You can wear up to eight rings at the same time.
Your skin changes colour to match your surroundings (Stealth+).
Your rubbery body absorbs attacks. (AC +1, EV +1)
((You are camouflaged near water. (Stealth+)))
You have tentacles for arms and can constrict up to eight enemies at once.


Message History

Training target 8.0 for Fighting reached!
Your Fighting skill increases to level 8!
Your Shields skill increases to level 2!
Unknown command.
Grum looks even sicker.
The wolf is poisoned.
Psyche shouts!
Psyche is poisoned.
Your toxic aura wanes.
Psyche casts a spell.
A swirling arc of seething chaos appears!
The arc of chaos arcs out of your line of sight!
The arc of chaos suddenly appears!
Psyche mumbles some strange words.
A swirling arc of seething chaos appears!
The arc of chaos hits Grum.
Grum hits you with a -1 glaive of venom!!
You are poisoned.
The wolf bites you.
You feel very sick. Grum barely misses you.
You feel better.
You feel a bit more experienced. The wolf misses you.
Grum hits you from afar with a -1 glaive of venom!!
* * * LOW HITPOINT WARNING * * *
You are lethally poisoned!
The wolf bites you.
* * * LOW HITPOINT WARNING * * *
Your base Long Blades skill increases to level 1!
Okay, then.
Unknown command.
You feel much better.
You feel extremely sick. The wolf closely misses you. Grum misses you.
Psyche hits you with a +1 dagger of chaos.
You resist with almost no effort. The wolf misses you.
You feel better.
Psyche looks more healthy.
You feel a bit more experienced. The wolf bites you!
* * * LOW HITPOINT WARNING * * *
Psyche barely misses you.
Grum hits you from afar with a -1 glaive of venom!!
You die...

.. ..## ## # ...
###..#...# #.
#.............. #.
#.##.#!#..#...#
#.##.##.#.#.......
#............Y?.
#..#@#.##.#..#
#..@.g....<†.#
#..#h#.##†#..####
#....YY##........
#............####
##############


You could see Psyche, Grum (very poisoned), 2 yaks and a wolf (poisoned).

Vanquished Creatures
  Pikel (D:3)
  8 yaks (D:8)
  A steam dragon (D:8)
  A water moccasin (D:6)
  Duvessa (D:7)
  A hornet zombie (D:6)
  A black bear (D:4)
  3 ogres
  A wolf (D:8)
  A phantom (D:7)
  A kobold brigand (D:6)
  3 scorpions
  Dowan (D:7)
  A water moccasin zombie (D:6)
  A jelly (D:6)
  5 wights (D:4)
  3 centaur zombies
  4 howler monkeys
  A bullfrog zombie (D:6)
  4 orc priests
  A hound (D:5)
  2 iguanas
  An orc wizard (D:5)
  Terence (D:2)
  Robin (D:2)
  3 gnolls (D:6)
  A howler monkey skeleton (D:7)
  9 adders
  A shadow imp (D:7)
  A white imp (D:6)
  3 dart slugs
  9 orcs
  5 bats
  5 endoplasms
  4 giant cockroaches
  12 goblins
  12 hobgoblins
  14 jackals
  11 kobolds
  4 quokkas
  10 ball pythons
  3 frilled lizards
  12 rats
168 creatures vanquished.

Notes
Turn   | Place    | Note
-------+----------+-------------------------------------------
     0 | D:1      | frimble the Octopode Venom Mage began the quest for the
                  | Orb.
     0 | D:1      | Reached XP level 1. HP: 11/11 MP: 3/3
   185 | D:1      | Reached skill level 3 in Stealth
   189 | D:1      | Reached XP level 2. HP: 10/17 MP: 1/5
   983 | D:1      | Found Roteu's General Store.
  1141 | D:1      | Reached XP level 3. HP: 22/22 MP: 6/6
  1190 | D:1      | Found a faded altar of an unknown god.
  1575 | D:2      | Reached skill level 1 in Fighting
  1608 | D:2      | Noticed Robin
  1708 | D:2      | Reached XP level 4. HP: 21/28 MP: 5/7
  1711 | D:2      | Reached skill level 4 in Stealth
  1722 | D:2      | Reached skill level 1 in Short Blades
  1884 | D:2      | Found a runed translucent door.
  1885 | D:2      | Noticed Crazy Yiuf
  2024 | D:2      | Noticed Terence
  2048 | D:2      | Killed Terence
  2226 | D:2      | Killed Robin
  2677 | D:2      | Reached XP level 5. HP: 34/34 MP: 8/8
  3840 | D:3      | Reached skill level 5 in Poison Magic
  4288 | D:1      | Bought 3 scrolls of identify for 84 gold pieces
  4290 | D:1      | Reached skill level 9 in Stealth
  4290 | D:1      | Reached XP level 6. HP: 47/47 MP: 9/9
  4296 | D:1      | Learned a level 4 spell: Olgreb's Toxic Radiance
  4423 | D:4      | Noticed Pikel
  4466 | D:3      | Killed Pikel
  4467 | D:3      | Reached skill level 10 in Stealth
  4467 | D:3      | Reached XP level 7. HP: 21/53 MP: 2/10
  4467 | D:3      | Reached XP level 8. HP: 23/58 MP: 2/11
  5612 | D:5      | Entered Level 5 of the Dungeon
  6870 | D:5      | Identified a scroll of acquirement
  6870 | D:5      | Acquired a +0 hat of willpower
  7004 | D:6      | Found a sacrificial altar of Ru.
  7006 | D:6      | Found a white marble altar of Elyvilon.
  7024 | D:6      | Reached skill level 1 in Evocations
  7284 | D:6      | Identified the +1 plate armour of Okawaru's Envy {Str+3
                  | Int+2}
  7500 | D:6      | Reached XP level 9. HP: 61/64 MP: 14/14
  8081 | D:6      | Found a staircase to the Ecumenical Temple.
  8608 | D:7      | Noticed Duvessa
  8618 | D:7      | Killed Duvessa
  8619 | D:7      | Noticed Dowan
  8632 | D:7      | Killed Dowan
  9060 | D:8      | Reached skill level 1 in Shields
  9157 | D:8      | Reached XP level 10. HP: 40/72 MP: 16/16
  9210 | D:8      | Noticed Erica
  9569 | D:4      | You fall into a shaft and drop 2 floors!
 10036 | D:8      | Noticed Grum
 10043 | D:8      | Noticed Psyche
 10048 | D:8      | Reached skill level 1 in Long Blades
 10049 | D:8      | Slain by Grum

Illustrated notes

Levels and vault maps discovered:
D:1:      dpeg_arrival_ratfight, layout_loops_corners, serial_shops, shop,
          hellmonk_ecumenical_altar_crossroads,
          wander_ebering_terrifying_dragon_lair
D:2:      layout_basic, uniq_robin, uniq_crazy_yiuf_cottage, uniq_terence
D:3:      layout_basic, minmay_circle_x
D:4:      layout_cave_pools, serial_park_tiny_pond, uniq_pikel
D:5:      layout_layer_cave
D:6:      layout_basic, mainiacjoe_overflow_large_starburst,
          minmay_temple_entry_wispy
D:7:      layout_gridville, hex_tiny, uniq_duvessa
D:8:      layout_loops_ring, gammafunk_ghost_grave, uniq_erica, uniq_grum,
          uniq_psyche

Skill      XL: |  1  2  3  4  5  6  7  8  9 10 |
---------------+-------------------------------+-----
Stealth        | 3 4 9 10 | 10.4
Poison Magic   | 4 8 9 |  9.0
Fighting       | 1 6 7 8 |  8.0
Short Blades   | 1 6 7 |  7.8
Spellcasting   | 3 4 |  4.0
Evocations     | 1 3 |  3.9
Shields        | 1 2 |  2.3
Long Blades    | 1 |  1.1
Dodging        | |  2.0
Transmutations | |  1.1

Action                   |  1- 3 |  4- 6 |  7- 9 | 10-12 || total
-------------------------+-------+-------+-------+-------++-------
Melee: Unarmed           |    21 |       |       |       ||    21
       Constrict         |    23 |    24 |    23 |     2 ||    72
       Tentacles         |    10 |    18 |    28 |     4 ||    60
       Dagger            |    59 |    95 |   149 |    22 ||   325
 Cast: Sting             |    11 |    24 |    14 |       ||    49
       Olgreb's Toxic Ra |       |     2 |    19 |     3 ||    24
Evoke: Wand              |       |       |     9 |     2 ||    11
  Use: Scroll            |     5 |     3 |     8 |       ||    16
       Potion            |       |     3 |       |     3 ||     6
 Stab: Sleeping          |    13 |     5 |    17 |     2 ||    37
       Paralysed         |       |       |     1 |     1 ||     2
Armor: Skin              |     4 |    16 |     4 |       ||    24
Dodge: Dodged            |    60 |    83 |    62 |    15 ||   220

Table legend: (Time is in decaauts)
 A = Elapsed time spent in this place.
 B = Non-inter-level travel time spent in this place.
 C = Inter-level travel time spent in this place.
 D = Time resting spent in this place.
 E = Time spent auto-exploring this place.
 F = Levels seen in this place.
 G = Mean time per level.
                   A        B        C        D        E       F      G
               +--------+--------+--------+--------+--------+-----+--------+
         Total |   9986 |   9396 |    590 |     47 |   8071 |   8 | 1248.2 |
       Dungeon |   9986 |   9396 |    590 |     47 |   8071 |   8 | 1248.2 |
               +--------+--------+--------+--------+--------+-----+--------+

Top non-repeatable levels by time:
     D:3: 1756 daAuts
     D:6: 1635 daAuts
     D:2: 1619 daAuts
     D:1: 1531 daAuts
     D:5: 1354 daAuts
     D:4: 1226 daAuts
     D:7: 668 daAuts
     D:8: 194 daAuts
